 Dungeon Crawl Stone Soup version 0.20.1-1-g8b1a95d (webtiles) character file.

164 Kunitse the Cudgeler (level 5, -1/34 HPs)
             Began as a Kobold Berserker on Oct 5, 2017.
             Was a Believer of Trog.
             Slain by a gnoll
             ... wielding a +0 spear
              (5 damage)
             ... on level 3 of the Dungeon.
             The game lasted 00:15:28 (2585 turns).

Kunitse the Cudgeler (Kobold Berserker)             Turns: 2585, Time: 00:15:29

Health: -1/34      AC:  7    Str: 14    XL:     5   Next: 73%
Magic:  5/5        EV: 14    Int:  8    God:    Trog [**....]
Gold:   85         SH:  0    Dex: 16    Spells: 4/4 levels left

rFire    . . .     SeeInvis .   a - +0 mace
rCold    . . .     Gourm    .   (shield restricted)
rNeg     . . .     Faith    .   h - +0 ring mail
rPois    .         Spirit   .   (no helmet)
rElec    .         Reflect  .   (no cloak)
rCorr    .         Harm     .   d - +0 pair of gloves
MR       .....                  l - +0 pair of boots
Stlth    +.........             (no amulet)
Regen    0.2/turn               (no ring)
MPRegen  0.1/turn               (no ring)

@: berserk cooldown, slowed, very slow
A: carnivore 3
a: Berserk, Trog's Hand, Burn Spellbooks, Renounce Religion


You were on level 3 of the Dungeon.
You worshipped Trog.
Trog was pleased with you.
You were very full.

You visited 1 branch of the dungeon, and saw 3 of its levels.

You collected 85 gold pieces.

Inventory:

Hand Weapons
 a - a +0 mace (weapon)
Armour
 b - a +0 animal skin
 d - a +0 pair of gloves (worn)
 h - a +0 ring mail (worn)
 j - a +0 leather armour of positive energy
 k - a +0 chain mail
 l - a +0 pair of boots (worn)
Wands
 o - a wand of polymorph (1/24)
Scrolls
 f - a scroll of identify {unknown}
 g - 4 scrolls of remove curse {unknown}
 i - a scroll of blinking {unknown}
 m - 2 scrolls of enchant armour {unknown}
 p - a scroll of enchant weapon {unknown}
 r - a scroll of teleportation {unknown}
Potions
 e - a potion of brilliance {unknown}
 n - a potion of haste {unknown}
Comestibles
 c - 3 meat rations
 q - 3 chunks of flesh


   Skills:
 + Level 4.4 Fighting
 + Level 4.4 Maces & Flails
 + Level 2.1 Armour
 - Level 2.4 Dodging


You had 4 spell levels left.
You didn't know any spells.

Dungeon Overview and Level Annotations

Branches:
Dungeon (3/15)

Altars:
Makhleb
Nemelex Xobeh
Okawaru
Sif Muna


Innate Abilities, Weirdness & Mutations

You are small and have problems with some larger weapons.
You are carnivorous and can eat meat at any time.


Message History

The gnoll is heavily wounded.
You are no longer berserk.
You are exhausted.
You feel yourself slow down. The gnoll barely misses you.
The gnoll hits you with a whip.
You hit the gnoll.
The gnoll is severely wounded.
The gnoll misses you. The gnoll closely misses you.
The gnoll hits you from afar with a spear.
The gnoll hits you with a whip.
You hit the gnoll.
You kill the gnoll!
Trog accepts your kill.
The gnoll hits you from afar with a spear!
* * * LOW HITPOINT WARNING * * *
The gnoll hits you from afar with a spear.
* * * LOW HITPOINT WARNING * * *
The gnoll completely misses you.
The gnoll hits you from afar with a spear.
You die...

.####.# #.##)# .# #.#
#.##.# .#
#.#######.##.#
%####.........##.#####
....##.####....)<....#
.)....<.......##.###.#
#...#######.>.##.#
.##### #†..#
#..###.###......
#...## #<....@.g.#
##...######.#######.#
...............# #†#
##...#...♣...#.# #)#
#......♣.♣....# #...#
#.....♣.♣.♣...# #.###
#....♣.♣.♣.♣...# #.#
#...♣.♣._.♣.♣......#
#....♣.♣.♣.♣........


You could see a gnoll.

Vanquished Creatures
  6 gnolls (D:3)
  3 adders (D:2)
  An ooze (D:2)
  A worm (D:2)
  2 dart slugs
  4 leopard geckos
  4 giant cockroaches
  9 goblins
  5 hobgoblins
  5 jackals
  4 kobolds (D:1)
  A quokka (D:2)
  6 bats
  5 frilled lizards
  7 rats
63 creatures vanquished.

Notes
Turn   | Place    | Note
-------+----------+-------------------------------------------
     0 | D:1      | Kunitse the Kobold Berserker began the quest for the Orb.
     0 | D:1      | Reached XP level 1. HP: 14/14 MP: 1/1
   244 | D:1      | Reached XP level 2. HP: 16/19 MP: 2/2
   468 | D:1      | Reached XP level 3. HP: 13/24 MP: 3/3
  1228 | D:2      | Reached XP level 4. HP: 27/29 MP: 4/4
  1327 | D:2      | Reached ** piety under Trog
  1629 | D:2      | HP: 1/29 [worm (8)]
  2131 | D:3      | Reached XP level 5. HP: 24/33 MP: 5/5
  2363 | D:3      | Found an iron altar of Okawaru.
  2440 | D:3      | Found a burning altar of Makhleb.
  2440 | D:3      | Found a deep blue altar of Sif Muna.
  2441 | D:3      | Found a sparkling altar of Nemelex Xobeh.
  2585 | D:3      | Slain by a gnoll

Skill      XL: |  1  2  3  4 |
---------------+-------------+-----
Maces & Flails | 3 4 |  4.4
Fighting       | 4 |  4.4
Armour         | 2 |  2.1
Dodging        | |  2.4

Action                   |  1- 3 |  4- 6 || total
-------------------------+-------+-------++-------
Melee: Mace              |   107 |   132 ||   239
Invok: Trog's Hand       |       |     1 ||     1
       Berserk           |       |     1 ||     1
  Use: Potion            |     2 |       ||     2
 Stab: Sleeping          |     1 |     1 ||     2
  Eat: Chunk             |     9 |     5 ||    14
Armor: Animal skin       |     2 |       ||     2
       Ring mail         |    10 |    13 ||    23
       Leather armour    |    19 |    26 ||    45
Dodge: Dodged            |   115 |   139 ||   254
